 Dungeon Crawl Stone Soup version 0.31-a0-236-g9a0961fb85 (webtiles) character file.

Game seed: 13308858729100554917

74 qw the Shooter (level 4, 0/26 HPs)
             Began as a Gargoyle Hexslinger on July 10, 2023.
             Slain by a gnoll
             ... wielding a +0 spear
              (4 damage)
             ... on level 2 of the Dungeon.
             The game lasted 00:00:27 (1277 turns).

qw the Shooter (Gargoyle Hexslinger)                Turns: 1277, Time: 00:00:28

Health: 0/26       AC:  7    Str: 12    XL:     4   Next: 28%
Magic:  5/5        EV: 11    Int: 13    God:
Gold:   26         SH:  0    Dex: 14    Spells: 4/5 levels left

rFire   . . .        Y - +1 sling
rCold   . . .        (no shield)
rNeg    + . .        k - +0 leather armour
rPois   inf          (no helmet)
rElec   +            (no cloak)
rCorr   .            (no gloves)
SInv    .            j - +0 pair of boots
Will    .....        (no amulet)
Stlth   +            (no ring)
HPRegen 0.24/turn    (no ring)
MPRegen 0.09/turn

%: no passive effects
@: no status effects
A: sickness immunity, AC +3, negative energy resistance 1, electricity
resistance, torment resistance 1, petrification resistance
a: no special abilities


You were on level 2 of the Dungeon.
You visited 1 branch of the dungeon, and saw 2 of its levels.

You collected 26 gold pieces.


Innate Abilities, Weirdness & Mutations

You are immune to sickness and miasma.
Your stone body is resilient. (AC +3)
You are immune to poison.
You resist negative energy. (rN+)
You are resistant to electric shocks. (rElec)
You are resistant to unholy torment.
You are immune to petrification.


   Skills:
 - Level 2.1 Fighting
 + Level 4.0 Ranged Weapons
 - Level 1.5 Dodging
 - Level 1.0 Spellcasting
 - Level 2.6 Hexes


You had 4 spell levels left.
You knew the following spells:

 Your Spells              Type           Power      Damage    Failure   Level
a - Slow                  Hex            28%        N/A       12%         1

Your spell library contained the following spells:

 Spells                   Type           Power      Damage    Failure   Level
 Inner Flame              Hex/Fire       4%         N/A       52%         3
 Portal Projectile        Hex/Tloc       8%         N/A       52%         3
 Cause Fear               Hex            3%         N/A       75%         4

Inventory:

Hand Weapons
 Y - a +1 sling (weapon)
Armour
 j - a +0 pair of boots (worn)
 k - a +0 leather armour (worn)
Scrolls
 b - a scroll of noise {unknown}
 e - a scroll of identify
Potions
 a - a potion of might {unknown}
 g - a potion of haste {unknown}
 h - a potion of brilliance {unknown}
 i - 2 potions of curing {unknown}

Dungeon Overview and Level Annotations

Branches:
Dungeon (2/15)

Altars:

Shops:
D:1 ([


Message History

You shoot a sling bullet.
The sling bullet hits the gnoll but does no damage.
You hear a shout!
You shoot a sling bullet. The sling bullet hits the gnoll.
You kill the gnoll!
A bat comes into view.
You have reached level 4!
You feel stronger.
You shoot a sling bullet.
The sling bullet closely misses the bat.
The bat barely misses you. The bat completely misses you.
A gnoll comes into view. It is wielding a +2 vampiric whip.
The bat closely misses you.
The gnoll moves out of view.
You shoot a sling bullet. The sling bullet hits the bat.
The bat is severely wounded.
The bat closely misses you. The bat hits you. The gnoll barely misses you.
You shoot a sling bullet. The sling bullet hits the bat!
You kill the bat!
You shoot a sling bullet. The sling bullet hits the gnoll.
The gnoll is lightly wounded.
You shoot a sling bullet.
The sling bullet closely misses the gnoll.
The sling bullet hits the gnoll.
The gnoll is heavily wounded.
The gnoll barely misses you.
The gnoll hits you from afar with a +1 vampiric halberd!
You shoot a sling bullet. The sling bullet hits the gnoll.
The gnoll is heavily wounded.
The gnoll hits you from afar with a +1 vampiric halberd!
You shoot a sling bullet. The sling bullet hits the gnoll.
You kill the gnoll!
Your Ranged Weapons skill increases to level 4!
You shoot a sling bullet.
The sling bullet hits the gnoll but does no damage.
The gnoll hits you but does no damage. The gnoll closely misses you.
You shoot a sling bullet.
The sling bullet barely misses the gnoll.
The gnoll hits you but does no damage. The gnoll barely misses you.
The gnoll hits you with a +2 vampiric whip.
The gnoll hits you from afar with a +0 spear.
You die...

#....%##...........#........
#####.##.#########.#)#######
#.##.....#.....#.....#..
#.######.#.#########.#.#
#..'.....#...........#..
#.######################
#.....###......
#..###.#g...... #..# ##@#
#..# #%# #..# #g# #... ..)
#... ... #### ####. . ..


You could see 2 gnolls.

Vanquished Creatures
  2 gnolls (D:2)
  3 adders (D:2)
  A dart slug (D:2)
  A ball python (D:1)
  4 bats (D:2)
  An endoplasm (D:1)
  3 giant cockroaches
  2 goblins (D:1)
  A hobgoblin (D:2)
  A kobold (D:2)
  2 quokkas (D:1)
  3 frilled lizards
  2 rats (D:2)
26 creatures vanquished.

Notes
Turn   | Place    | Note
-------+----------+-------------------------------------------
     0 | D:1      | qw the Gargoyle Hexslinger began the quest for the Orb.
     0 | D:1      | Reached XP level 1. HP: 12/12 MP: 2/2
     0 | D:1      | 0 ||| qw: Version: 0.3-a-52-g30416fa
     0 | D:1      | 0 ||| qw: Game counter: 4938
     0 | D:1      | 0 ||| qw: Melee chars always use a shield: true
     0 | D:1      | 0 ||| qw: God list: Okawaru
     0 | D:1      | 0 ||| qw: Allow faded altars: false
     0 | D:1      | 0 ||| qw: Do Orc after clearing Dungeon:15 true
     0 | D:1      | 0 ||| qw: Do second Lair branch before Depths: true
     0 | D:1      | 0 ||| qw: Lair rune preference: random
     0 | D:1      | 0 ||| qw: Goals: Normal
     0 | D:1      | 0 ||| PLANNING D:1-11
    42 | D:1      | Found Sutibas's Antique Armour Boutique.
    50 | D:1      | 50 ||| SHOPLISTING cloak (117 gold, have 0).
    50 | D:1      | 50 ||| SHOPLISTING jewelled steam dragon scales (1170 gold,
                  | have 0).
    50 | D:1      | 50 ||| SHOPLISTING pair of boots (117 gold, have 0).
    50 | D:1      | 50 ||| SHOPLISTING pair of glowing gloves (195 gold, have
                  | 0).
    50 | D:1      | 50 ||| SHOPLISTING ring mail (104 gold, have 0).
   347 | D:1      | Found Ipporus's Weapon Shoppe.
   351 | D:1      | Reached XP level 2. HP: 16/16 MP: 3/3
   359 | D:1      | 359 ||| SHOPLISTING +1 orcbow of freezing (172 gold, have
                  | 8).
   766 | D:1      | 766 ||| UPGRADING to +0 pair of boots.
   771 | D:1      | 771 ||| UPGRADING to +0 leather armour.
   781 | D:1      | 781 ||| DROPPING +0 robe.
   782 | D:1      | 782 ||| READING scroll labelled PUCICEM SINUI.
   783 | D:1      | 783 ||| READING 2 scrolls labelled KEAGAOFODD.
   784 | D:1      | 784 ||| READING scroll labelled WEOS LECLA.
   785 | D:1      | 785 ||| DROPPING scroll of poison.
   826 | D:2      | Reached skill level 3 in Ranged Weapons
   826 | D:2      | Identified the +6 mace "Iheup" {speed, Int+3 Dex+4}
   862 | D:2      | 862 ||| FLEEEEING.
   863 | D:2      | 863 ||| FLEEEEING.
   865 | D:2      | 865 ||| FLEEEEING.
   866 | D:2      | 866 ||| FLEEEEING.
   962 | D:2      | Reached XP level 3. HP: 21/21 MP: 4/4
  1269 | D:2      | Reached XP level 4. HP: 26/26 MP: 5/5
  1276 | D:2      | Reached skill level 4 in Ranged Weapons
  1277 | D:2      | HP: 4/26 [gnoll/+2 vampiric whip (5)]
  1277 | D:2      | Slain by a gnoll

Levels and vault maps discovered:
D:1:      eino_arrival_water_star, layout_basic, serial_shops, shop, shop
D:2:      layout_loops_ring, roderic_serpentine_path, serial_park_tiny_pond

Skill      XL: |  1  2  3  4 |
---------------+-------------+-----
Ranged Weapons | 3 4 |  4.0
Fighting       | 2 |  2.1
Dodging        | |  1.5
Spellcasting   | |  1.0
Hexes          | |  2.6

Action                     |  1- 3 |  4- 6 || total
---------------------------+-------+-------++-------
   Fire: Sling             |    94 |     9 ||   103
    Use: Scroll            |     3 |       ||     3
 Armour: Leather armour    |    18 |     2 ||    20
         Robe              |     6 |       ||     6
  Dodge: Dodged            |    23 |     8 ||    31

Table legend:
 A = Non-vault XP
 B = Vault XP
 C = Vault XP percentage of total XP
 D = Non-vault monster count
 E = Vault monster count
 F = Vault count percentage of total count
                 A         B        C        D         E       F
            +---------+---------+-------+---------+---------+-------
      Total |     106 |       0 |   0.0 |      26 |       0 |   0.0
            +---------+---------+-------+---------+---------+-------
        D:1 |      18 |       0 |   0.0 |      10 |       0 |   0.0
        D:2 |      88 |       0 |   0.0 |      16 |       0 |   0.0
            +---------+---------+-------+---------+---------+-------
